 Dungeon Crawl Stone Soup version 0.32-a0-132-g2d33c3cfaf (webtiles) character file.

Game seed: 6420416865678136047

91 Dittersdorf the Covered (level 4, -4/29 HPs)
             Began as a Gargoyle Fighter on Feb 9, 2024.
             Slain by Sigmund
             ... wielding a +0 scythe
              (5 damage)
             ... on level 2 of the Dungeon.
             The game lasted 00:01:37 (1600 turns).

Dittersdorf the Covered (Gargoyle Fighter)          Turns: 1600, Time: 00:01:37

Health: -4/29      AC: 10    Str: 21    XL:     4   Next: 59%
Magic:  4/4        EV:  9    Int:  9    God:
Gold:   104        SH:  4    Dex:  9    Spells: 3/3 levels left

rFire   . . .        a - +0 flail
rCold   . . .        c - +0 buckler
rNeg    + . .        b - +0 scale mail
rPois   ∞            (no helmet)
rElec   +            (no cloak)
rCorr   .            (no gloves)
SInv    .            (no boots)
Will    .....        (no amulet) Stlth
                     (no ring)
HPRegen 0.24/turn    (no ring)
MPRegen 0.09/turn

%: no passive effects
@: no status effects
A: sickness immunity, AC +3, negative energy resistance 1, electricity
resistance, torment resistance 1, petrification resistance
a: no special abilities


You were on level 2 of the Dungeon.
You visited 1 branch of the dungeon, and saw 2 of its levels.

You collected 104 gold pieces.

Inventory:

Hand Weapons
 a - a +0 flail (weapon)
Armour
 b - a +0 scale mail (worn)
 c - a +0 buckler (worn)
Jewellery
 j - an amulet of faith
Wands
 m - a wand of flame (15)
Scrolls
 e - a scroll of teleportation {unknown}
 f - a scroll of fog {unknown}
 g - 4 scrolls of identify {unknown}
 o - a scroll of poison {unknown}
Potions
 d - a potion of might
 h - 2 potions of enlightenment {unknown}
 i - a potion of berserk rage {unknown}
 k - 4 potions of curing {unknown}
 l - 2 potions of degeneration {unknown}
 n - a potion of brilliance {unknown}
 p - a potion of mutation {unknown}


   Skills:
 + Level 4.0 Fighting
 + Level 2.8 Maces & Flails
 + Level 4.0 Armour
 + Level 4.0 Shields


You had 3 spell levels left.
You didn't know any spells.
Your spell library was empty.

Dungeon Overview and Level Annotations

Branches:
Dungeon (2/15)

Altars:

Shops:
D:2 (

Annotations:
D:2 Sigmund


Innate Abilities, Weirdness & Mutations

You are immune to sickness and miasma.
Your stone body is resilient. (AC +3)
You are immune to poison.
You resist negative energy. (rN+)
You are resistant to electric shocks. (rElec)
You are resistant to unholy torment.
You are immune to petrification.


Message History

No target in view!
No target in view!
No target in view!
No target in view!
No target in view!
No target in view!
No target in view!
No target in view!
No target in view!
No target in view!
No target in view!
You miss something. Something hits you but does no damage.
You barely miss something. Something hits you but does no damage.
You barely miss something. Something hits you but does no damage.
You closely miss something. You barely miss something.
You block something's attack.
You closely miss something. Something hits you but does no damage.
You sock something! Something hits you but does no damage.
You barely miss something.
You hear some strange, mumbled words.
A magic dart appears from out of thin air!
The magic dart hits you.
You miss something. Something hits you but does no damage.
You hit something. Something hits you.
You barely miss something. Something hits you.
You hit something but do no damage. Something hits you but does no damage.
You barely miss something. You miss something. Something hits you.
You hit something.
You hear some strange, mumbled words.
You are confused.
You miss something. Something hits you but does no damage.
You bump into the rock wall.
Something hits you but does no damage.
You miss something. Something hits you.
You closely miss something. Something hits you but does no damage.
Something hits you!
* * * LOW HITPOINT WARNING * * *
You feel less confused. Something hits you.
You die...

### .# #.###
#####.#####
#....
#..........
#.##.
#........#
#.#..
###........#
#.##.
#........#
#.#..
#........#
#.#.#
#...@....#
#.#.#
#........#
#.#.#
#...{...†#
#.#.#
#######.##
#.... #.# ###.#
#####.# # #.#
#.....###### .#
#.#
#>.........##.#
#.#
#.....#.......#
#.#


There were no monsters in sight!

Vanquished Creatures
  4 gnolls (D:2)
  2 dart slugs
  A ribbon worm (D:2)
  7 endoplasms
  5 giant cockroaches
  2 goblins (D:1)
  5 hobgoblins
  A kobold (D:1)
  A quokka (D:1)
  2 ball pythons (D:1)
  5 bats
  4 frilled lizards
  4 rats
43 creatures vanquished.

Notes
Turn   | Place    | Note
-------+----------+-------------------------------------------
     0 | D:1      | Dittersdorf the Gargoyle Fighter began the quest for the
                  | Orb.
     0 | D:1      | Reached XP level 1. HP: 14/14 MP: 1/1
   193 | D:1      | Reached XP level 2. HP: 19/19 MP: 2/2
   417 | D:1      | Reached XP level 3. HP: 19/23 MP: 3/3
   991 | D:2      | Reached XP level 4. HP: 16/29 MP: 4/4
  1330 | D:2      | Found Ehulussups's Weapon Shop.
  1573 | D:2      | Noticed Sigmund
  1599 | D:2      | HP: 1/29 [something (9)]
  1600 | D:2      | Slain by Sigmund

Illustrated notes

Levels and vault maps discovered:
D:1:      dpeg_arrival_shelter, layout_basic, serial_bayou_pond_a,
          hangedman_abyss_or_decor_lesser_grid
D:2:      minmay_skewed_foursquare, layout_basic, serial_shops,
          nicolae_diamond_shop, minmay_tromino_v4_b, uniq_sigmund

Skill      XL: |  1  2  3  4 |
---------------+-------------+-----
Armour         | 4 |  4.0
Shields        | 4 |  4.0
Fighting       | 4 |  4.0
Maces & Flails | |  2.8

Action                     |  1- 3 |  4- 6 || total
---------------------------+-------+-------++-------
  Melee: Flail             |    91 |    89 ||   180
 Armour: Scale mail        |    81 |    58 ||   139
  Dodge: Dodged            |    42 |    32 ||    74
  Block: Buckler           |    31 |    14 ||    45

Table legend: (Time is in decaauts)
 A = Elapsed time spent in this place.
 B = Non-inter-level travel time spent in this place.
 C = Inter-level travel time spent in this place.
 D = Time resting spent in this place.
 E = Time spent auto-exploring this place.
 F = Levels seen in this place.
 G = Mean time per level.
                   A        B        C        D        E       F      G
               +--------+--------+--------+--------+--------+-----+--------+
         Total |   1658 |   1607 |     51 |     70 |   1116 |   2 |  829.0 |
       Dungeon |   1658 |   1607 |     51 |     70 |   1116 |   2 |  829.0 |
               +--------+--------+--------+--------+--------+-----+--------+

Top non-repeatable levels by time:
     D:2: 835 daAuts
     D:1: 823 daAuts
